[Event "Titled Tuesday Blitz August 08 Late 2023"]
[White "De Souza, Cristiano Gomes"]
[Black "Papayan, Oleg"]
[WhiteFideId "2151758"]
[BlackFideId "4193911"]
[WhiteElo "2237"]
[BlackElo "2516"]
[Result "0-1"]
[Round "2"]
[TimeControl "180+1"]
[Date "2023.08.08"]
[WhiteClock "0:02:15"]
[BlackClock "0:02:21"]
[Board "104"]

1. d4 Nf6 2. c4 e6 3. Nf3 d5 4. Nc3 c5 5. cxd5 Nxd5 6. e4 Nxc3 7. bxc3 cxd4 8. cxd4 Bb4+ 9. Bd2 Bxd2+ 10. Qxd2 O-O 11. Rc1 b6 12. Be2 Bb7 13. Qe3 Nd7 14. O-O Nf6 15. Nd2 Rc8 16. f3 Qe7 17. Nb3 h6 18. Rxc8 Rxc8 19. Re1 Rc2 20. Nc1 Qb4 21. Rd1 Qb2 22. Kf2 Bxe4 23. Nd3 Bxd3 24. Rd2 Rxd2 0-1


[Site "https://www.chess.com"]

[Event "Titled Tuesday Blitz August 08 Late 2023"]
[White "Hartikainen, Jarmo"]
[Black "Matlakov, Maxim"]
[WhiteFideId "503134"]
[BlackFideId "4168003"]
[WhiteElo "2094"]
[BlackElo "2995"]
[Result "0-1"]
[Round "2"]
[TimeControl "180+1"]
[Date "2023.08.08"]
[WhiteClock "0:00:12"]
[BlackClock "0:00:20"]
[Board "105"]

1. e4 c6 2. d4 d5 3. Nc3 a6 4. Nf3 dxe4 5. Nxe4 Bf5 6. Ng3 Bg4 7. Bc4 e6 8. Be3 Nf6 9. h3 Bxf3 10. Qxf3 Nbd7 11. O-O Be7 12. Bd3 O-O 13. c3 Nd5 14. Rfe1 b5 15. Rad1 Qc7 16. Ne4 Rad8 17. Bb1 N7f6 18. Nxf6+ Bxf6 19. Qe4 g6 20. Bh6 Rfe8 21. h4 c5 22. dxc5 Qxc5 23. h5 Ne7 24. hxg6 hxg6 25. Be3 Qc7 26. Bf4 Qc5 27. Bd3 Nf5 28. Be5 Bxe5 29. Qxe5 Rd5 30. Qe2 Red8 31. Bc2 Ne7 32. Rxd5 Nxd5 33. Rd1 Qc7 34. g3 Kg7 35. Bb3 Nf6 36. Rxd8 Qxd8 37. Qd1 Qb6 38. Qd4 Qxd4 39. cxd4 Kf8 40. Kf1 Ke7 41. Ke2 Kd6 42. Kd3 Ng4 43. f3 Nf6 44. Bd1 Nd5 45. f4 Nb4+ 46. Ke3 Nxa2 0-1


[Site "https://www.chess.com"]

[Event "Titled Tuesday Blitz August 08 Late 2023"]
[White "Zemlyanskii, Ivan"]
[Black "Nathan, Nitish"]
[WhiteFideId "24249971"]
[BlackFideId "30927870"]
[WhiteElo "2874"]
[BlackElo "2411"]
[Result "1-0"]
[Round "2"]
[TimeControl "180+1"]
[Date "2023.08.08"]
[WhiteClock "0:00:32"]
[BlackClock "0:01:32"]
[Board "106"]

1. d4 d5 2. Bf4 Bf5 3. e3 e6 4. Nf3 Nf6 5. c4 Bxb1 6. Rxb1 Bb4+ 7. Ke2 dxc4 8. Qa4+ Nc6 9. a3 Bd6 10. Bg3 O-O 11. Qxc4 Ne4 12. Qc2 f5 13. Ke1 Kh8 14. Bd3 Nf6 15. Ke2 Nd5 16. Rhe1 Qf6 17. Kf1 g5 18. Bxd6 cxd6 19. Bc4 g4 20. Nd2 Qh4 21. Kg1 Rf6 22. g3 Qh5 23. e4 Nxd4 24. Qd3 Rh6 25. Qxd4+ e5 26. Qxd5 f4 27. gxf4 Qxh2+ 28. Kf1 exf4 29. Qd4+ Rf6 30. Qxf6# 1-0


[Site "https://www.chess.com"]

[Event "Titled Tuesday Blitz August 08 Late 2023"]
[White "Salinas Herrera, Pablo"]
[Black "KorolDimitriy75"]
[WhiteFideId "3407128"]
[WhiteElo "2843"]
[BlackElo "2410"]
[Result "1-0"]
[Round "2"]
[TimeControl "180+1"]
[Date "2023.08.08"]
[WhiteClock "0:00:57"]
[BlackClock "0:00:00"]
[Board "107"]

1. d4 Nf6 2. Nf3 g6 3. Bf4 c5 4. e3 Qb6 5. Qc1 Bg7 6. c3 d5 7. Nbd2 Nc6 8. h3 O-O 9. Bd3 h6 10. O-O Be6 11. Re1 Rac8 12. Qb1 Rfd8 13. a3 a5 14. a4 Bd7 15. Ne5 Nxe5 16. Bxe5 Be8 17. Nf3 e6 18. dxc5 Qxc5 19. Bd4 Qc7 20. Qd1 Ne4 21. Bxg7 Kxg7 22. Nd4 Nf6 23. Qb3 e5 24. Nb5 Qb6 25. Bf1 Bd7 26. Rad1 Be6 27. Qa3 h5 28. Rd2 Rd7 29. Qa1 Ne4 30. Rdd1 Rcd8 31. b3 f6 32. Qb2 Qc5 33. Bd3 Nd6 34. Nxd6 Rxd6 35. Bb5 Kf7 36. b4 Qb6 37. Bf1 Rc8 38. b5 Rd7 39. Rc1 Rdc7 40. Red1 Rc5 41. Be2 Qc7 42. c4 b6 43. Qc3 dxc4 44. Rc2 Qe7 45. Rcd2 R8c7 46. Rd6 Kg7 47. Rxb6 Bf7 48. Rdd6 f5 49. Bf3 Kh7 50. Rdc6 e4 51. Be2 1-0


[Site "https://www.chess.com"]

[Event "Titled Tuesday Blitz August 08 Late 2023"]
[White "Bueno, Alfeu Junior Varela"]
[Black "ProphetReborn"]
[WhiteFideId "2108879"]
[WhiteElo "2407"]
[BlackElo "2828"]
[Result "0-1"]
[Round "2"]
[TimeControl "180+1"]
[Date "2023.08.08"]
[WhiteClock "0:00:00"]
[BlackClock "0:00:23"]
[Board "108"]

1. e4 c5 2. Nc3 Nc6 3. f4 g6 4. Nf3 Bg7 5. Bb5 Nd4 6. O-O Nxb5 7. Nxb5 d6 8. d3 Nf6 9. Nc3 O-O 10. Qe1 Rb8 11. Qh4 b5 12. f5 b4 13. Ne2 e6 14. Bg5 exf5 15. Rae1 h6 16. Bxh6 Bxh6 17. Qxh6 Ng4 18. Qf4 fxe4 19. dxe4 Qf6 20. Qg3 Qxb2 21. Ng5 f6 22. Qxd6 Qe5 23. Qxe5 Nxe5 24. Nf3 Nc4 25. Nf4 Kg7 26. e5 Rb6 27. Nd5 f5 28. Nxb6 axb6 29. e6 Kf6 30. e7 Re8 31. h4 Rxe7 32. Rxe7 Kxe7 33. Re1+ Kf6 34. Re8 Bb7 35. Ng5 Bd5 36. Rd8 Ke5 37. Re8+ Kd4 38. Rd8 Ne3 39. Kf2 Nxc2 40. Nf3+ Ke4 41. Nd2+ Ke5 42. Nf3+ Bxf3 43. gxf3 b5 44. Rg8 Kf6 45. Rb8 Nd4 46. Rc8 c4 47. Ke3 Nc2+ 48. Kd2 Nd4 49. Ke3 Ne6 50. Rc6 Ke5 51. Rb6 Nd4 52. Rxg6 f4+ 53. Kd2 Nxf3+ 54. Kc2 Nxh4 55. Rg5+ Nf5 56. Kd2 Ke4 57. Ke2 c3 0-1


[Site "https://www.chess.com"]

[Event "Titled Tuesday Blitz August 08 Late 2023"]
[White "Shtembuliak, Evgeny"]
[Black "Ozalp, Burak"]
[WhiteFideId "14113325"]
[BlackFideId "6314210"]
[WhiteElo "2823"]
[BlackElo "2406"]
[Result "1-0"]
[Round "2"]
[TimeControl "180+1"]
[Date "2023.08.08"]
[WhiteClock "0:02:28"]
[BlackClock "0:01:06"]
[Board "109"]

1. e4 c6 2. d4 d5 3. exd5 cxd5 4. Bd3 Qc7 5. c3 Nc6 6. Ne2 Bg4 7. O-O e6 8. Qe1 Bd6 9. f3 Bh5 10. Qh4 Nf6 11. Bg5 Bg6 12. Bxg6 fxg6 13. Bxf6 gxf6 14. Qxf6 Rf8 15. Qxe6+ Ne7 16. f4 Qd7 17. Qxd7+ Kxd7 18. Nd2 Nf5 19. Nf3 Rae8 20. Ne5+ Kc7 21. Rf3 g5 22. fxg5 Bxe5 23. dxe5 Rxe5 24. Nd4 Nxd4 25. Rxf8 Ne2+ 26. Kf2 1-0


[Site "https://www.chess.com"]

[Event "Titled Tuesday Blitz August 08 Late 2023"]
[White "Herman, Daniel"]
[Black "Miladinovic, Igor"]
[WhiteFideId "30935008"]
[BlackFideId "4203380"]
[WhiteElo "2402"]
[BlackElo "2777"]
[Result "0-1"]
[Round "2"]
[TimeControl "180+1"]
[Date "2023.08.08"]
[WhiteClock "0:00:03"]
[BlackClock "0:00:24"]
[Board "110"]

1. c4 e5 2. e3 Nc6 3. a3 g6 4. Nc3 Bg7 5. Nf3 Nf6 6. Qc2 O-O 7. b4 e4 8. Ng5 Re8 9. Bb2 h6 10. Nh3 d6 11. Nf4 Bf5 12. Be2 a5 13. b5 Ne5 14. O-O c6 15. Rab1 g5 16. Nh5 Nxh5 17. Bxh5 Nd3 18. Be2 Nxb2 19. Rxb2 d5 20. bxc6 bxc6 21. cxd5 cxd5 22. Rb5 Be6 23. d4 Qd6 24. Rc5 Rec8 25. Na4 Bf8 26. Rc1 Qd8 27. Rxc8 Rxc8 28. Nc5 Bxc5 29. dxc5 Qf6 30. Qc3 Qxc3 31. Rxc3 Kf8 32. Kf1 Rb8 33. Ke1 Rb2 34. c6 Ke7 35. Ba6 Rb1+ 36. Kd2 Rb2+ 37. Ke1 Rb1+ 38. Kd2 Rb6 39. Bb7 Kd6 40. f3 Kc7 41. fxe4 dxe4 42. Rc5 Rb2+ 43. Kc3 Rxg2 44. Rxa5 Rxh2 45. Ra7 Rh1 46. Ba8+ Kb8 47. Ra5 g4 48. c7+ Kxc7 49. Bxe4 Rh3 50. Kd4 g3 51. Ra7+ Kd6 52. Ra6+ Ke7 53. Ke5 Rh5+ 54. Kf4 Rg5 55. Bg2 Rg6 56. a4 h5 57. a5 h4 58. Rxe6+ 0-1


[Site "https://www.chess.com"]

[Event "Titled Tuesday Blitz August 08 Late 2023"]
[White "Tejedor Fuente, Enrique"]
[Black "Lacasa Diaz, Jose Antonio"]
[WhiteFideId "2299100"]
[BlackFideId "2203375"]
[WhiteElo "2745"]
[BlackElo "2401"]
[Result "1-0"]
[Round "2"]
[TimeControl "180+1"]
[Date "2023.08.08"]
[WhiteClock "0:00:38"]
[BlackClock "0:00:00"]
[Board "111"]

1. Nc3 c5 2. Nf3 Nc6 3. e3 Nf6 4. Bb5 g6 5. O-O Bg7 6. d3 O-O 7. Bxc6 bxc6 8. h3 d6 9. Rb1 e5 10. b4 cxb4 11. Rxb4 c5 12. Rb1 h6 13. Nd2 Be6 14. e4 Qa5 15. Nb3 Qa6 16. f4 exf4 17. Bxf4 Nh5 18. Bd2 c4 19. Nc1 cxd3 20. cxd3 Rac8 21. Nb5 d5 22. g4 Nf6 23. e5 Nxg4 24. hxg4 Bxe5 25. Bxh6 Rfe8 26. Ne2 Bxg4 27. Rf2 Rb8 28. a4 Qe6 29. Qf1 a6 30. Nbd4 Qd7 31. Rxb8 Rxb8 32. Nf3 Bc7 33. Ned4 Qxa4 34. Be3 Re8 35. Qc1 Qd7 36. Bf4 Bxf4 37. Qxf4 Bxf3 38. Nxf3 a5 39. Rh2 a4 40. Qf6 Qg4+ 41. Kf2 1-0


[Site "https://www.chess.com"]

[Event "Titled Tuesday Blitz August 08 Late 2023"]
[White "Muhammad Shahzeb"]
[Black "Golubka, Petro"]
[WhiteFideId "7804806"]
[BlackFideId "14114224"]
[WhiteElo "2400"]
[BlackElo "2743"]
[Result "0-1"]
[Round "2"]
[TimeControl "180+1"]
[Date "2023.08.08"]
[WhiteClock "0:00:00"]
[BlackClock "0:00:53"]
[Board "112"]

1. e4 c6 2. d4 d5 3. exd5 cxd5 4. c4 Nf6 5. Nc3 a6 6. Nf3 Nc6 7. h3 e6 8. Bg5 Bb4 9. Qb3 O-O 10. Rd1 h6 11. Bh4 g5 12. Bg3 Ne4 13. Bd3 Bxc3+ 14. bxc3 Na5 15. Qc2 Nxg3 16. fxg3 dxc4 17. Be2 b5 18. d5 exd5 19. O-O Be6 20. Nd4 Qe7 21. Rde1 Rae8 22. Nf5 Bxf5 23. Qxf5 Qe3+ 24. Kh2 Qxc3 25. Bh5 Rxe1 26. Bxf7+ Kh8 27. Rxe1 Nc6 28. Re6 Qg7 29. Rxc6 d4 30. Rc8 d3 31. Qe6 Rxc8 32. Qxc8+ Kh7 33. Qf5+ Kh8 34. Bg6 Qe7 35. Qd5 Kg7 36. Bf5 Kf6 37. Bg4 Kg7 38. Qd4+ Kg6 39. Bf3 h5 40. Be4+ Kf7 41. Qd5+ Qe6 42. Qb7+ Kf6 43. Bd5 Qd6 44. Qf7+ Ke5 45. Bf3 h4 46. Qg7+ Qf6 47. Qc7+ Kd4 48. Qd7+ Ke3 49. Qe8+ Kd2 50. Qe4 hxg3+ 51. Kg1 Qa1+ 0-1


[Site "https://www.chess.com"]

[Event "Titled Tuesday Blitz August 08 Late 2023"]
[White "Mazurkiewicz, Michal"]
[Black "Mekhitarian, Krikor Sevag"]
[WhiteFideId "1124943"]
[BlackFideId "2107660"]
[WhiteElo "2400"]
[BlackElo "2725"]
[Result "0-1"]
[Round "2"]
[TimeControl "180+1"]
[Date "2023.08.08"]
[WhiteClock "0:00:05"]
[BlackClock "0:00:06"]
[Board "113"]

1. e4 e6 2. d3 d5 3. Nd2 Nc6 4. Ngf3 e5 5. g3 Nf6 6. Bg2 dxe4 7. dxe4 Bc5 8. O-O a5 9. c3 b6 10. Qc2 Ba6 11. Qa4 Qd7 12. Rd1 O-O 13. Nc4 Qe6 14. Ne3 Rad8 15. Ng5 Rxd1+ 16. Qxd1 Qc8 17. Nd5 Ng4 18. Nh3 Kh8 19. Bf3 Nf6 20. Bg2 Nxd5 21. exd5 Ne7 22. Ng5 Qd7 23. Qh5 h6 24. Nxf7+ Kg8 25. Nxe5 Rxf2 26. Kh1 Qd6 27. Bf4 Qf6 28. Qe8+ Qf8 29. Qxf8+ Kxf8 30. Nd7+ Kg8 31. Nxc5 bxc5 32. Bxc7 Rd2 33. d6 Nf5 34. Bxa5 Nxd6 35. c4 Rxb2 36. Bd5+ Kh7 37. Bc3 Rc2 38. Be5 Bxc4 39. Bxd6 Bxd5+ 40. Kg1 Rg2+ 41. Kf1 Rxh2 42. Bxc5 Rc2 43. Bf2 Bf3 44. a4 Be2+ 45. Kg1 Ba6 46. a5 Rc4 47. Rb1 Ra4 48. Bb6 g5 49. Re1 Kg6 50. Re6+ Kh5 51. Be3 Rxa5 52. Bd4 Ra4 53. Bg7 Kg4 54. Bxh6 Bd3 55. Re3 Be4 56. Kf2 Ra2+ 57. Re2 Ra4 58. Rd2 Bf5 59. Bg7 Ra3 60. Be5 Rf3+ 61. Ke2 Be4 62. Rd4 Kf5 63. Bb8 Rb3 64. Kd2 Rxb8 65. g4+ Kf4 66. Kc3 Rc8+ 67. Kb4 Re8 68. Kc5 Kxg4 69. Kd6 Kf4 70. Kd7 Rh8 71. Rd1 g4 72. Rf1+ Bf3 73. Kd6 Kg3 0-1


[Site "https://www.chess.com"]

[Event "Titled Tuesday Blitz August 08 Late 2023"]
[White "Yi, Richard"]
[Black "Romero Ruscalleda, Josep"]
[WhiteFideId "2079518"]
[BlackFideId "2231859"]
[WhiteElo "2701"]
[BlackElo "2392"]
[Result "1-0"]
[Round "2"]
[TimeControl "180+1"]
[Date "2023.08.08"]
[WhiteClock "0:00:17"]
[BlackClock "0:00:00"]
[Board "114"]

1. d4 g6 2. e4 Bg7 3. Nc3 d6 4. Be2 a6 5. a4 Nc6 6. Nf3 Bg4 7. Be3 e5 8. d5 Nce7 9. Nd2 Bd7 10. O-O f5 11. f3 Nf6 12. Kh1 O-O 13. Qe1 f4 14. Bf2 g5 15. Nd1 Ng6 16. Rg1 g4 17. fxg4 Nxg4 18. Bxg4 Bxg4 19. Nf3 Kh8 20. Ra3 Rg8 21. c4 Bf6 22. c5 dxc5 23. Bxc5 Be7 24. Qb4 Bxc5 25. Qxc5 Rg7 26. Nf2 Bxf3 27. Rxf3 Nh4 28. Rh3 Qf6 29. Qc3 Rag8 30. g3 fxg3 31. hxg3 Nf3 32. Rg2 Nd4 33. Qe3 Rf8 34. Qh6 Qxh6 35. Rxh6 Rf3 36. Kh2 Ne2 37. Re6 Nxg3 38. Re8+ Rg8 39. Rxg8+ Kxg8 40. Rxg3+ Rxg3 41. Kxg3 Kf7 42. Ng4 Ke7 43. Nxe5 Kd6 44. Nd3 c6 45. dxc6 Kxc6 46. b4 b6 47. Kf4 Kd6 48. Kf5 a5 49. e5+ Kd5 50. bxa5 bxa5 51. e6 Kd6 52. Kf6 1-0


[Site "https://www.chess.com"]

[Event "Titled Tuesday Blitz August 08 Late 2023"]
[White "Zenin, Dmitry"]
[Black "Jimenez Martinez, Jose Vicente"]
[WhiteFideId "4127897"]
[BlackFideId "2264021"]
[WhiteElo "2390"]
[BlackElo "2700"]
[Result "0-1"]
[Round "2"]
[TimeControl "180+1"]
[Date "2023.08.08"]
[WhiteClock "0:00:00"]
[BlackClock "0:00:15"]
[Board "115"]

1. d4 d6 2. c4 g6 3. e4 Bg7 4. Nc3 Nf6 5. Nf3 O-O 6. Be2 Bg4 7. Be3 Nfd7 8. Qd2 e5 9. d5 a5 10. O-O Na6 11. Ne1 Bxe2 12. Qxe2 f5 13. f3 b6 14. Nd3 Ndc5 15. Nxc5 Nxc5 16. b3 Qh4 17. g3 Qe7 18. Rab1 f4 19. Bxc5 bxc5 20. g4 h5 21. gxh5 Qg5+ 22. Kh1 Qxh5 23. Rg1 Kf7 24. a4 Rh8 25. Nb5 Rac8 26. Rb2 Bf6 27. Qg2 Bh4 28. Qg4 Qxg4 29. Rxg4 g5 30. Re2 Ke7 31. Kg1 Kd7 32. Kf1 Rh7 33. Reg2 Rch8 34. Ke2 Kc8 35. Rg1 Kb7 36. R4g2 Rh6 37. Rf1 Rg8 38. Rfg1 Rgh8 39. Nc3 Kb6 40. Kd3 Kb7 41. Nb5 Kb6 42. Nc3 R8h7 43. Nb5 Rh5 44. Rd1 Rh8 45. Ke2 R5h7 46. Nc3 Rg8 47. Rdg1 Rhg7 48. Nb5 Rb8 49. Rg4 Rh7 50. R1g2 Rbh8 51. Rg1 Kb7 52. Nc3 Kc8 53. Nb5 Kd7 54. Nc3 Rh6 55. Nb5 c6 56. dxc6+ Kxc6 57. Rd1 Rf6 58. Rg2 Rhh6 59. Kf1 Rfg6 60. Rg4 Rf6 61. Nc3 Rfg6 62. Nd5 Rh7 63. Rg2 Rb7 64. Rd3 Rh6 65. Rgd2 Rg6 66. Rg2 Rbg7 67. Rg4 Kd7 68. Nc3 Kc6 69. Nb5 Rh6 70. Rg2 Rhg6 71. Rgd2 Rd7 72. Rg2 Rh6 73. Rd1 Rg6 74. Rg4 Rd8 75. Rg2 g4 76. Rxg4 Rxg4 77. fxg4 Be7 78. Kg2 Rh8 79. Rf1 Rh4 80. h3 Rh6 81. Rf3 Bh4 82. Kf1 Bg3 83. Kg2 Bh4 84. Nc3 Rh8 85. Nd5 Rb8 86. Rd3 Rb7 87. Kf3 Rh7 88. Ke2 Bg3 89. Rf3 Rxh3 90. Ne7+ Kd7 91. Nf5 Rh2+ 92. Kf1 Bh4 93. Rd3 Be7 94. g5 Rh1+ 95. Kg2 Rh5 96. g6 Rg5+ 97. Kf3 Rxg6 98. Rd1 Ke6 99. Rh1 Bf6 100. Rh7 Rg1 101. Rh6 Rb1 102. Rh7 Rxb3+ 103. Kg4 Rb1 104. Ra7 Rg1+ 105. Kf3 Rf1+ 106. Ke2 Rc1 107. Kd3 Rd1+ 108. Ke2 Rc1 109. Kd3 f3 110. Ke3 Rc3+ 111. Kf2 Rxc4 112. Kxf3 Rxa4 113. Ra6 Be7 114. Ra7 Ra3+ 115. Ke2 Bg5 116. Ra6 Ra2+ 117. Kf3 Rd2 118. Rxa5 Rd3+ 119. Ke2 c4 0-1


[Site "https://www.chess.com"]

[Event "Titled Tuesday Blitz August 08 Late 2023"]
[White "Salemgareev, Tagir"]
[Black "Pinto, Daniel"]
[WhiteFideId "24199052"]
[BlackFideId "3303144"]
[WhiteElo "2698"]
[BlackElo "2385"]
[Result "0-1"]
[Round "2"]
[TimeControl "180+1"]
[Date "2023.08.08"]
[WhiteClock "0:00:52"]
[BlackClock "0:01:12"]
[Board "116"]

1. d4 Nf6 2. c4 c5 3. d5 d6 4. Nc3 g6 5. e4 Bg7 6. Bd3 O-O 7. Nf3 e6 8. O-O exd5 9. exd5 Re8 10. h3 Nbd7 11. Bf4 Ne5 12. Nxe5 dxe5 13. Be3 e4 14. Be2 b6 15. a4 a5 16. Qb3 Nd7 17. Rfd1 f5 18. d6 Bb7 19. Nb5 Be5 20. Nc7 f4 21. Nxe8 fxe3 22. Nc7 exf2+ 23. Kxf2 Qh4+ 24. Kg1 Rf8 25. Bg4 Qf2+ 26. Kh1 Qf4 27. g3 e3+ 28. Nd5 Qxg3 29. Qc2 Rf2 0-1


[Site "https://www.chess.com"]

[Event "Titled Tuesday Blitz August 08 Late 2023"]
[White "Hoang, Thi Bao Tram"]
[Black "Lopez Del Alamo, Antonio"]
[WhiteFideId "12401102"]
[BlackFideId "2227339"]
[WhiteElo "2692"]
[BlackElo "2384"]
[Result "1-0"]
[Round "2"]
[TimeControl "180+1"]
[Date "2023.08.08"]
[WhiteClock "0:00:10"]
[BlackClock "0:00:39"]
[Board "117"]

1. Nf3 Nf6 2. g3 g6 3. Bg2 Bg7 4. O-O O-O 5. d4 d6 6. a4 a5 7. c3 Nbd7 8. Na3 e5 9. Nc4 Re8 10. dxe5 dxe5 11. Nfxe5 Nxe5 12. Qxd8 Rxd8 13. Nxe5 Re8 14. f4 c6 15. Bf3 Bf5 16. Be3 Nd7 17. Nxd7 Rxe3 18. Nb6 Ra6 19. Nc4 Re8 20. Nd6 Rd8 21. Nxf5 gxf5 22. Rfd1 Rxd1+ 23. Rxd1 Bf6 24. Rd2 Kg7 25. e3 b5 26. axb5 cxb5 27. Rd7 a4 28. Bd5 b4 29. Bxf7 a3 30. bxa3 Rxa3 31. cxb4 Rxe3 32. Kf2 Rc3 33. b5 Rc2+ 34. Kf3 Rxh2 35. b6 Rb2 36. b7 Bd4 37. Bc4+ Kh6 38. Rxd4 Rxb7 39. Rd6+ Kg7 40. Be6 Rb5 41. Bc8 Rb3+ 42. Kg2 Rc3 43. Bxf5 h5 44. Kh3 1-0


[Site "https://www.chess.com"]

[Event "Titled Tuesday Blitz August 08 Late 2023"]
[White "Korpics, Zsolt"]
[Black "KarolKacprzak"]
[WhiteFideId "705241"]
[WhiteElo "2382"]
[BlackElo "2685"]
[Result "0-1"]
[Round "2"]
[TimeControl "180+1"]
[Date "2023.08.08"]
[WhiteClock "0:00:16"]
[BlackClock "0:00:53"]
[Board "118"]

1. e4 e5 2. Nf3 Nc6 3. Bb5 a6 4. Ba4 Nf6 5. O-O Be7 6. Re1 b5 7. Bb3 d6 8. c3 O-O 9. h3 Nb8 10. d4 Nbd7 11. Nbd2 Bb7 12. Bc2 Re8 13. Nf1 Bf8 14. Ng3 g6 15. Nh2 c5 16. d5 c4 17. Ng4 Nxg4 18. hxg4 Be7 19. Be3 Bg5 20. Qd2 Bxe3 21. Qxe3 Qh4 22. Qf3 Nf6 23. Bd1 Bc8 24. Kf1 Bxg4 25. Qe3 Bxd1 26. Raxd1 Qf4 27. Ke2 h5 28. Nf1 Qxe4 29. f3 Qf4 30. g3 Qf5 31. Nd2 e4 32. f4 Nxd5 33. Qd4 Nf6 34. Nf1 Ng4 35. Ne3 Nxe3 36. Qxe3 Re6 37. Rd4 d5 38. Red1 Rd8 39. Kf2 Kh7 40. Kg2 Red6 41. Rh1 Kg7 42. Rh4 a5 43. Kf2 b4 44. Kg2 bxc3 45. Qxc3 Qf6 46. Qe3 Rb8 47. Qd2 Rdb6 48. Rxd5 Rxb2 0-1


[Site "https://www.chess.com"]

[Event "Titled Tuesday Blitz August 08 Late 2023"]
[White "Piesik, Piotr"]
[Black "kiwibobo"]
[WhiteFideId "1136194"]
[WhiteElo "2652"]
[BlackElo "2380"]
[Result "1-0"]
[Round "2"]
[TimeControl "180+1"]
[Date "2023.08.08"]
[WhiteClock "0:00:21"]
[BlackClock "0:00:22"]
[Board "119"]

1. Nf3 Nf6 2. g3 g6 3. Bg2 Bg7 4. O-O O-O 5. d4 d5 6. c4 Nc6 7. Nc3 dxc4 8. d5 Nb4 9. Ne1 c6 10. dxc6 Nxc6 11. Qa4 Bd7 12. Qxc4 Rc8 13. Qh4 Qb6 14. Nd3 Nd4 15. Be3 Nf5 16. Bxb6 Nxh4 17. Bxa7 Nxg2 18. Kxg2 Bc6+ 19. Kg1 Ne4 20. Nxe4 Bxe4 21. Rfd1 Bxd3 22. Rxd3 Bxb2 23. Rb1 Rc2 24. Kf1 Bf6 25. a3 Rb2 26. Rxb2 Bxb2 27. Rb3 Ra8 28. Bc5 b6 29. Bxe7 Bd4 30. e3 Bc5 31. Bxc5 bxc5 32. Ke2 Kf8 33. Kd3 Ra4 34. Rc3 c4+ 35. Kd4 Ke7 36. Kc5 Ke6 37. Kb5 Ra8 38. Kxc4 Ke5 39. f3 g5 40. g4 f5 41. h3 h5 42. Kd3 hxg4 43. hxg4 fxg4 44. fxg4 Ra4 45. Rc5+ Kf6 46. Rc6+ Ke5 47. Rc5+ Kf6 48. Rc4 Rxa3+ 49. Ke4 Ra5 50. Rc6+ Kg7 51. Re6 Kf7 52. Re5 Ra4+ 53. Kf5 Ra1 54. Kxg5 Rg1 55. Rf5+ Ke7 56. Rf3 Ke6 57. Kh5 Rh1+ 58. Kg6 Rg1 59. g5 Ke7 60. Kh6 Ra1 61. g6 Rh1+ 62. Kg7 Rg1 63. Kh7 Rh1+ 64. Kg8 Rg1 65. g7 Rg2 66. e4 Rg4 67. e5 Rg5 68. e6 Ra5 69. Rh3 Kxe6 70. Kh7 Ra7 71. Kh8 1-0


[Site "https://www.chess.com"]

[Event "Titled Tuesday Blitz August 08 Late 2023"]
[White "Rosen, Eric"]
[Black "Beulen, Marcel"]
[WhiteFideId "2032562"]
[BlackFideId "1001450"]
[WhiteElo "2622"]
[BlackElo "2380"]
[Result "1-0"]
[Round "2"]
[TimeControl "180+1"]
[Date "2023.08.08"]
[WhiteClock "0:00:37"]
[BlackClock "0:00:02"]
[Board "120"]

1. d4 d5 2. Bf4 Nf6 3. e3 c6 4. Nf3 Bg4 5. Nbd2 Nbd7 6. c4 e6 7. Qb3 Qc8 8. h3 Bxf3 9. Nxf3 Be7 10. Rc1 O-O 11. Be2 Ne4 12. O-O Bd6 13. Bxd6 Nxd6 14. Nd2 Nf6 15. Bd3 Qd7 16. Rfd1 Rfd8 17. Qa3 dxc4 18. Nxc4 Nxc4 19. Bxc4 a6 20. Qa5 Rac8 21. Be2 Qc7 22. Qa4 e5 23. dxe5 Qxe5 24. Qb3 Qe7 25. Bc4 Ne4 26. Qc2 h6 27. Bd3 Nf6 28. b4 Rd6 29. Bc4 Rcd8 30. Rxd6 Qxd6 31. a3 Qd2 32. Qb1 Kf8 33. Bb3 Qd3 34. Qa2 Qd7 35. Rd1 Qe7 36. Rxd8+ Qxd8 37. Bxf7 Ne4 38. Bb3 Qf6 39. Qc2 Qa1+ 40. Kh2 Qxa3 41. Qc4 Nd6 42. Qg8+ Ke7 43. Qe6+ Kf8 44. Qxd6+ 1-0


[Site "https://www.chess.com"]

[Event "Titled Tuesday Blitz August 08 Late 2023"]
[White "Ventura Bolet, Maxim"]
[Black "Ozates, Tuna"]
[WhiteFideId "22238824"]
[BlackFideId "6354521"]
[WhiteElo "2379"]
[BlackElo "2615"]
[Result "0-1"]
[Round "2"]
[TimeControl "180+1"]
[Date "2023.08.08"]
[WhiteClock "0:00:01"]
[BlackClock "0:00:15"]
[Board "121"]

1. Nf3 c5 2. e4 Nc6 3. d4 cxd4 4. Nxd4 Nf6 5. Nc3 e5 6. Ndb5 d6 7. Nd5 Nxd5 8. exd5 Nb8 9. a4 Be7 10. c3 O-O 11. Be2 f5 12. f4 e4 13. Be3 a6 14. Na3 Nd7 15. O-O Nf6 16. Nc4 Qe8 17. Nb6 Rb8 18. a5 Bd7 19. b4 Bd8 20. c4 Bxb6 21. Bxb6 Rc8 22. c5 Bb5 23. cxd6 Kh8 24. Bc5 Bxe2 25. Qxe2 Qd7 26. Rfd1 Ne8 27. Qb2 Nxd6 28. Qe5 Rf6 29. Rac1 Re8 30. Bxd6 Rxd6 31. Qd4 h6 32. Rc3 Rd8 33. Rc5 Rg6 34. Qe5 Qa4 35. Rdc1 Qxb4 36. Qxf5 Qd4+ 37. Kh1 Rf6 38. Qe5 Qf2 39. Qxe4 Rxf4 40. Qe1 Qxe1+ 41. Rxe1 Rd4 42. g3 R4xd5 43. Rc7 R8d7 44. Re8+ Kh7 45. Re7 Rxc7 46. Rxc7 Rxa5 47. Rxb7 Ra2 48. Rb6 a5 49. Ra6 Kg8 50. h4 Kf7 51. Kg1 Ke7 52. Kh1 a4 53. Kg1 a3 54. Kh1 Kd7 55. Ra7+ Ke6 56. Rxg7 Rb2 57. Rg6+ Kf5 58. Rxh6 a2 59. Ra6 Kg4 60. Kg1 Kxg3 61. Ra3+ Kxh4 62. Kf1 Rb1+ 63. Ke2 a1=Q 64. Rxa1 Rxa1 0-1


[Site "https://www.chess.com"]

[Event "Titled Tuesday Blitz August 08 Late 2023"]
[White "Eggleston, Thomas A"]
[Black "Pantev, Veselin"]
[WhiteFideId "412139"]
[BlackFideId "2901390"]
[WhiteElo "2377"]
[BlackElo "2614"]
[Result "0-1"]
[Round "2"]
[TimeControl "180+1"]
[Date "2023.08.08"]
[WhiteClock "0:00:00"]
[BlackClock "0:01:02"]
[Board "122"]

1. e4 c6 2. Nc3 d5 3. Nf3 dxe4 4. Nxe4 Nf6 5. Nxf6+ exf6 6. Bc4 Bd6 7. d4 O-O 8. O-O Nd7 9. Bb3 Re8 10. c4 Nf8 11. c5 Bc7 12. h3 Be6 13. Be3 Qd7 14. Bxe6 Nxe6 15. Qb3 h5 16. Rad1 Red8 17. Rd2 Ba5 18. Rc2 Rab8 19. Qa3 Bc7 20. Rd1 Qd5 21. Rdc1 g5 22. Qb3 g4 23. Qxd5 Rxd5 24. hxg4 hxg4 25. Nh4 f5 26. g3 f4 27. gxf4 Bxf4 28. Ng2 Bc7 29. Rc4 f5 30. Re1 Kf7 31. Ra4 f4 32. Bd2 Nxd4 33. Kf1 f3 34. Nf4 Rh8 35. Kg1 Bxf4 36. Bxf4 Ne2+ 0-1


[Site "https://www.chess.com"]

[Event "Titled Tuesday Blitz August 08 Late 2023"]
[White "Ismayil, Malak"]
[Black "Rego, Pedro Filipe"]
[WhiteFideId "13412604"]
[BlackFideId "1904310"]
[WhiteElo "2612"]
[BlackElo "2372"]
[Result "0-1"]
[Round "2"]
[TimeControl "180+1"]
[Date "2023.08.08"]
[WhiteClock "0:00:00"]
[BlackClock "0:00:17"]
[Board "123"]

1. e4 c5 2. Nf3 d6 3. Bb5+ Nd7 4. d4 cxd4 5. Qxd4 a6 6. Be2 e5 7. Qe3 Ngf6 8. c4 d5 9. exd5 Bc5 10. Qb3 e4 11. Ng5 h6 12. Nh3 Ne5 13. Nf4 g5 14. Nh5 Nxh5 15. Bxh5 g4 16. Be3 Nd3+ 17. Ke2 Bxe3 18. fxe3 Qg5 19. Bxf7+ Kxf7 20. Nc3 Re8 21. Raf1+ Kg8 22. Nxe4 Rxe4 23. Qxd3 Bf5 24. Kd2 Rae8 25. Rxf5 Qxf5 26. Re1 b5 27. c5 R4e5 28. Qxf5 Rxf5 29. e4 Rf2+ 30. Ke3 Rc2 31. c6 Kf7 32. Kd4 Ke7 33. e5 Rf8 34. d6+ Ke6 35. c7 Rff2 36. Ke3 Rf5 37. Kd4 Rc4+ 38. Kd3 Kd7 39. b3 Rc5 40. Kd4 Rc2 0-1


[Site "https://www.chess.com"]

[Event "Titled Tuesday Blitz August 08 Late 2023"]
[White "Arabidze, Meri"]
[Black "Necromon"]
[WhiteFideId "13604040"]
[WhiteElo "2605"]
[BlackElo "2371"]
[Result "1-0"]
[Round "2"]
[TimeControl "180+1"]
[Date "2023.08.08"]
[WhiteClock "0:01:05"]
[BlackClock "0:00:06"]
[Board "124"]

1. d4 c5 2. d5 Nf6 3. Nc3 d6 4. e4 g6 5. Be2 Bg7 6. Nf3 O-O 7. O-O Bg4 8. Nd2 Bxe2 9. Qxe2 a6 10. a4 Nbd7 11. Nc4 Qc7 12. Re1 Rab8 13. a5 Rfe8 14. h3 e6 15. dxe6 Rxe6 16. Bf4 Ne5 17. Bxe5 dxe5 18. Red1 Nd7 19. Nd5 Qc8 20. b3 Nf8 21. Rd3 Qc6 22. Rad1 Rbe8 23. Ndb6 R6e7 24. c3 f6 25. Rd6 Qb5 26. Qa2 Rb8 27. Qa4 Qxa4 28. Nxa4 Ne6 29. Kh2 Kf7 30. Rd7 Kf8 31. g3 Rbe8 32. R7d6 Ng5 33. Nxc5 f5 34. exf5 gxf5 35. h4 Nf3+ 36. Kg2 e4 37. R6d5 Bxc3 38. Rxf5+ Kg7 39. Nd6 Rf8 40. Ncxe4 1-0


[Site "https://www.chess.com"]